 Dungeon Crawl Stone Soup version 0.32-a0-868-g153ae1a8d6 (webtiles) character file.

Game seed: 4399922248464588784

521 uzume the Chopper (level 7, 0/52 HPs)
             Began as a Coglin Gladiator on Mar 28, 2024.
             Was an Initiate of Beogh.
             Slain by a wyvern (6 damage)
             ... on level 7 of the Dungeon.
             The game lasted 00:30:46 (5076 turns).

uzume the Chopper (Coglin Gladiator)                Turns: 5076, Time: 00:30:47

Health: 0/52       AC: 10    Str: 16    XL:     7   Next: 21%
Magic:  7/7        EV:  7    Int:  7    God:    Beogh [......]
Gold:   252        SH:  0    Dex: 16    Spells: 5/6 levels left

rFire   . . .        p - +2 hand axe (freeze) {Masaaki}
rCold   . . .        k - +0 spear {Noor}
rNeg    . . .        m - +0 chain mail
rPois   .            c - +0 helmet
rElec   .            (no cloak)
rCorr   .            (no gloves)
SInv    .            (no boots)
Will    .....        (amulet unavailable) Stlth
                     (ring unavailable)
HPRegen 0.28/turn    (ring unavailable)
MPRegen 0.10/turn    (no gizmo)

%: no passive effects
@: about to teleport, revving
A: off-hand wielding, slow wielding, warmup strikes, no jewellery
a: Invent Gizmo, Renounce Religion


You were on level 7 of the Dungeon.
You worshipped Beogh.
Beogh was noncommittal.
You visited 2 branches of the dungeon, and saw 8 of its levels.

You collected 252 gold pieces.

Inventory:

Hand Weapons
 a - a +0 war axe {Bastian}
 f - a +0 dagger {Fredrik}
 h - a +0 short sword {Sukanya}
 k - a +0 spear (offhand) {Noor}
 p - a +2 hand axe of freezing (weapon) {Masaaki}
Missiles
 d - 3 throwing nets (quivered)
 e - a javelin
Armour
 b - a +1 leather armour
 c - a +0 helmet (worn)
 g - an orb of energy
 j - a +0 robe
 m - a +0 chain mail (worn)
Scrolls
 i - a scroll of immolation
 l - 3 scrolls of identify
 n - a scroll of amnesia
Potions
 q - 2 potions of brilliance


   Skills:
 + Level 3.1 Fighting
 + Level 0.8 Short Blades
 + Level 5.5(5.7) Axes
 + Level 1.7(3.6) Polearms
 + Level 1.8 Throwing
 + Level 3.1 Armour
 + Level 3.3 Dodging


You had 5 spell levels left.
You knew the following spells:

 Your Spells              Type           Power      Damage    Failure   Level
a - Summon Small Mammal   Summ           0%         N/A       99%         1

Your spell library contained the following spells:

 Spells                   Type           Power      Damage    Failure   Level
 Call Canine Familiar     Summ           0%         N/A       100%        3
 Anguish                  Hex/Necr       0%         N/A       100%        4
 Cause Fear               Hex            0%         N/A       100%        4
 Summon Blazeheart Golem  Fire/Summ      0%         N/A       100%        4
 Enfeeble                 Hex            0%         N/A       100%        7


Dungeon Overview and Level Annotations

Branches:
Dungeon (7/15)             Temple (1/1) D:4

Altars:
Ashenzari
Cheibriados
Elyvilon
Gozag
Kikubaaqudgha
Makhleb
Nemelex Xobeh
Okawaru
Qazlal
Ru
Sif Muna
Trog
Uskayaw
Wu Jian
Xom
Yredelemnul
Zin
The Shining One

Shops:
D:1 (


Innate Abilities, Weirdness & Mutations

You can wield a second weapon in your off-hand.
It takes a long time for you to wield or remove held weapons.
Your first few attacks do less damage.
You cannot equip rings or amulets.


Message History

The wyvern bites you but does no damage.
You hit the wyvern with your +2 hand axe of freezing.
You freeze the wyvern.
The wyvern is lightly wounded.
You closely miss the wyvern with your +0 spear.
The wyvern bites you but does no damage.
You hit the wyvern with your +2 hand axe of freezing.
You freeze the wyvern.
The wyvern is moderately wounded.
You closely miss the wyvern with your +0 spear.
The wyvern barely misses you. The wyvern bites you!
You closely miss the wyvern with your +0 spear.
The wyvern is moderately wounded.
You hit the wyvern but do no damage.
The wyvern bites you but does no damage.
You completely miss the wyvern with your +2 hand axe of freezing.
The wyvern is moderately wounded.
You hit the wyvern but do no damage. The wyvern bites you.
The wyvern barely misses you.
You hit the wyvern with your +0 spear.
The wyvern is moderately wounded.
You closely miss the wyvern with your +2 hand axe of freezing.
The wyvern bites you but does no damage.
You hit the wyvern with your +0 spear.
The wyvern is heavily wounded.
You hit the wyvern but do no damage. The wyvern bites you!
The wyvern bites you but does no damage.
You hit the wyvern with your +2 hand axe of freezing.
You freeze the wyvern.
The wyvern is severely wounded.
You completely miss the wyvern with your +0 spear.
The wyvern bites you!
* * * LOW HITPOINT WARNING * * *
The wyvern barely misses you. The wyvern attacks as it pursues you!
The wyvern bites you.
* * * LOW HITPOINT WARNING * * *
The wyvern bites you but does no damage.
As you read the scroll of teleportation, it crumbles to dust.
You feel strangely unstable. The wyvern bites you.
You die...

.............#
.............##
..........(...#
..............#
..............# ####
..............#######..#
.....................=.#####
....../...k@...........'....
#..)...................#####
#.......#..............##
####+##.#...............#
..#...............#
.###...........)...# ..
#...............# ..
#............<..#
....###...........####


You could see a wyvern.

Vanquished Creatures
  A phantom (D:5)
  A bullfrog (D:6)
  A scorpion (D:6)
  An orc priest (D:4)
  A jelly (D:6)
  2 iguanas (D:6)
  An orc wizard (D:4)
  7 adders
  3 gnolls (D:2)
  2 dart slugs
  5 orcs
  6 bats (D:1)
  5 endoplasms
  4 giant cockroaches
  6 goblins
  8 hobgoblins
  7 jackals
  A quokka (D:4)
  8 ball pythons
  2 frilled lizards
  9 kobolds
  7 rats
88 creatures vanquished.

Notes
Turn   | Place    | Note
-------+----------+-------------------------------------------
     0 | D:1      | uzume the Coglin Gladiator began the quest for the Orb.
     0 | D:1      | Reached XP level 1. HP: 16/16 MP: 1/1
   232 | D:1      | Reached XP level 2. HP: 22/22 MP: 2/2
   306 | D:1      | Found Yzoz's Antique Weapon Shoppe.
   610 | D:1      | Reached XP level 3. HP: 28/28 MP: 3/3
   900 | D:2      | Learned a level 1 spell: Summon Small Mammal
  1600 | D:2      | Reached XP level 4. HP: 30/34 MP: 4/4
  1771 | D:2      | Reached skill level 1 in Armour
  1795 | D:2      | Reached skill level 4 in Axes
  2538 | D:3      | Found a shimmering altar of Xom.
  2853 | D:3      | Reached XP level 5. HP: 39/39 MP: 5/5
  2889 | D:4      | Became a worshipper of Beogh the Shepherd
  3011 | D:4      | Found a staircase to the Ecumenical Temple.
  3069 | Temple   | Entered the Ecumenical Temple
  3876 | D:5      | Entered Level 5 of the Dungeon
  3955 | D:5      | Noticed a phantom
  3969 | D:5      | Killed a phantom
  3970 | D:5      | Reached skill level 5 in Axes
  3970 | D:5      | Reached skill level 1 in Polearms
  3970 | D:5      | Reached XP level 6. HP: 44/46 MP: 6/6
  4440 | D:6      | Reached XP level 7. HP: 40/52 MP: 7/7
  5060 | D:7      | Noticed a wyvern
  5076 | D:7      | Slain by a wyvern

Illustrated notes

Levels and vault maps discovered:
D:1:      tekkud_arrival_beachfront_property, layout_rooms, serial_shops, shop
D:2:      layout_basic, lexackson_kobold_supper
D:3:      layout_loops_corners, mainiacjoe_overflow_concentric_impassable,
          grunt_ministairs_3, nicolae_eternal_life, corexii_shack
D:4:      minmay_chambers_of_fours, layout_loops_ring, temple_doors_e,
          gup_sewer_entry_spiral
D:5:      layout_basic, hex_intersection, uniq_prince_ribbit1
D:6:      layout_loops_ring, serial_bayou_pond_b, nicolae_lava_and_water,
          nicolae_kite_square_tiling_tiny
D:7:      layout_basic, fedhas_altar_1, lightli_ossuary_entry_decrepit_ruins,
          serial_shops, shop, chequers_arboretum, uniq_maurice, uniq_menkaure
Temple:   nicolae_temple_bog_church

Skill      XL: |  1  2  3  4  5  6  7 |
---------------+----------------------+-----
Dodging        | 3 |  3.3
Armour         | 1 2 3 |  3.1
Axes           | 4 5 |  5.5
Polearms       | 1 |  1.7
Fighting       | 3 |  3.1
Short Blades   | |  0.8
Throwing       | |  1.8

Action                     |  1- 3 |  4- 6 |  7- 9 || total
---------------------------+-------+-------+-------++-------
  Melee: War axe           |    64 |   111 |       ||   175
         Dagger            |    35 |       |       ||    35
         Short sword       |    21 |       |       ||    21
         Spear             |     3 |   169 |    23 ||   195
         Hand axe          |       |    75 |    25 ||   100
   Cast: Summon Small Mamm |       |     1 |       ||     1
 Invoke: Convert to Beogh  |       |     1 |       ||     1
    Use: Potion            |     4 |     7 |     3 ||    14
         Scroll            |     5 |     4 |     1 ||    10
 Armour: Leather armour    |    55 |    16 |       ||    71
         Chain mail        |       |    90 |    23 ||   113
  Dodge: Dodged            |    54 |    50 |    11 ||   115

Table legend: (Time is in decaauts)
 A = Elapsed time spent in this place.
 B = Non-inter-level travel time spent in this place.
 C = Inter-level travel time spent in this place.
 D = Time resting spent in this place.
 E = Time spent auto-exploring this place.
 F = Levels seen in this place.
 G = Mean time per level.
                   A        B        C        D        E       F      G
               +--------+--------+--------+--------+--------+-----+--------+
         Total |   5121 |   5073 |     48 |    443 |    393 |   8 |  640.1 |
       Dungeon |   4884 |   4842 |     42 |    443 |    393 |   7 |  697.7 |
        Temple |    237 |    231 |      6 |      0 |      0 |   1 |  237.0 |
               +--------+--------+--------+--------+--------+-----+--------+

Top non-repeatable levels by time:
     D:2: 1238 daAuts
     D:6: 871 daAuts
     D:3: 856 daAuts
     D:4: 810 daAuts
     D:1: 799 daAuts
  Temple: 237 daAuts
     D:5: 215 daAuts
     D:7: 93 daAuts
